 Dungeon Crawl Stone Soup version 0.28.0-45-g0d030f2227 (webtiles) character file.

Game seed: 6162455608221542867

143 zeratav the Cudgeller (level 5, -3/47 HPs)
             Began as a Minotaur Berserker on Apr 2, 2022.
             Was a Believer of Trog.
             Slain by an orc priest
             ... wielding a +0 mace
              (7 damage)
             ... on level 3 of the Dungeon.
             The game lasted 00:06:46 (2358 turns).

zeratav the Cudgeller (Minotaur Berserker)          Turns: 2358, Time: 00:06:47

Health: -3/47      AC:  6    Str: 23    XL:     5   Next: 4%
Magic:  4/4        EV: 10    Int:  4    God:    Trog [**....]
Gold:   115        SH:  0    Dex: 10    Spells: 4/4 levels left

rFire   . . .      SeeInvis .   a - +0 mace
rCold   . . .      Faith    .   (no shield)
rNeg    . . .      Spirit   .   i - +0 scale mail
rPois   .          Reflect  .   (helmet restricted)
rElec   .          Harm     .   (no cloak)
rCorr   .          Rampage  .   (no gloves)
Will    ++...                   (no boots)
Stlth   ..........              (no amulet)
HPRegen 1.15/turn               (no ring)
MPRegen 0.09/turn               (no ring)

@: strong-willed, regenerating
A: horns 2, retaliatory headbutt
a: Renounce Religion, Berserk, Trog's Hand


You were on level 3 of the Dungeon.
You worshipped Trog.
Trog was pleased with you.
You visited 1 branch of the dungeon, and saw 3 of its levels.

You collected 115 gold pieces.

Inventory:

Hand Weapons
 a - a +0 mace (weapon)
Armour
 i - a +0 scale mail (worn)
 j - an orb of light
 l - an orb of guile
Jewellery
 e - a ring of ice
Scrolls
 c - 2 scrolls of identify {unknown}
 d - a scroll of summoning {unknown}
 g - 2 scrolls of immolation {unknown}
 k - a scroll of vulnerability {unknown}
 m - a scroll of enchant armour {unknown}
Potions
 b - 2 potions of mutation {unknown}
 f - a potion of lignification {unknown}
 h - a potion of berserk rage {unknown}


   Skills:
 + Level 4.5 Fighting
 + Level 5.6 Maces & Flails
 + Level 3.3 Armour
 + Level 2.5 Dodging
 + Level 0.2 Stealth


You had 4 spell levels left.
You didn't know any spells.
Your spell library was empty.

Dungeon Overview and Level Annotations

Branches:
Dungeon (3/15)

Altars:
Elyvilon

Portals:
Sewer: D:3


Innate Abilities, Weirdness & Mutations

You have a pair of horns on your head.
You reflexively headbutt those who attack you in melee.


Message History

You sock the orc priest!
You headbutt the orc priest, but do no damage.
The orc priest is heavily wounded.
The giant cockroach waves its antennae.
The orc closely misses you.
The orc priest calls down the wrath of Beogh upon you.
Pain shoots through your body!
You barely miss the orc priest.
The orc priest is heavily wounded.
The orc barely misses you. You furiously retaliate!
You headbutt the orc.
The orc priest hits you but does no damage.
You hit the orc priest but do no damage.
The orc priest is heavily wounded.
The giant cockroach waves its antennae.
The orc hits you but does no damage. The orc priest closely misses you.
You furiously retaliate!
You headbutt the orc priest, but do no damage.
You closely miss the orc priest. You headbutt the orc priest.
The orc priest is heavily wounded.
The orc misses you.
The orc priest hits you but does no damage.
You barely miss the orc priest.
The orc priest is heavily wounded.
The orc hits you with a +0 club.
The orc priest calls down the wrath of Beogh upon you.
Pain shoots through your body!
* * * LOW HITPOINT WARNING * * *
You don't know any spells.
Your skin crawls.
You feel strong-willed. The orc hits you with a +0 club.
* * * LOW HITPOINT WARNING * * *
The orc priest barely misses you. You furiously retaliate!
You headbutt the orc priest.
You hit the orc priest but do no damage.
The orc priest is severely wounded.
The orc hits you with a +0 club.
* * * LOW HITPOINT WARNING * * *
The orc priest hits you with a +0 mace!
You die...

#.....#
#.....#
≈≈∩≈
#.....#
≈≈≈≈
###.#.# #
≈≈≈≈
#.#.# .#
.≈≈≈≈
#.#.##.#
..#...
#.#....#
###b.....
#....#
#ooBS...#
####.#
#@#
#.#####.#
#.......#
#########


You could see an orc priest, an orc, a giant cockroach, a bat and a ball python.

Vanquished Creatures
  Natasha (D:3)
  3 gnolls (D:3)
  2 adders
  An ufetubus (D:3)
  An adder skeleton (D:2)
  A dart slug (D:1)
  2 orcs (D:3)
  7 bats
  9 endoplasms
  6 giant cockroaches
  2 goblins (D:1)
  3 hobgoblins
  8 kobolds
  A quokka (D:1)
  3 ball pythons (D:1)
  5 frilled lizards
  2 rats
57 creatures vanquished.

Notes
Turn   | Place    | Note
-------+----------+-------------------------------------------
     0 | D:1      | zeratav the Minotaur Berserker began the quest for the Orb.
     0 | D:1      | Reached XP level 1. HP: 19/19 MP: 0/0
   247 | D:1      | Reached XP level 2. HP: 22/27 MP: 1/1
   249 | D:1      | Reached skill level 4 in Maces & Flails
   456 | D:1      | Found a faded altar of an unknown god.
   664 | D:1      | Reached XP level 3. HP: 27/33 MP: 2/2
   664 | D:1      | Reached ** piety under Trog
  1466 | D:2      | Found a white marble altar of Elyvilon.
  1889 | D:3      | Reached XP level 4. HP: 18/41 MP: 3/3
  1890 | D:3      | Reached skill level 5 in Maces & Flails
  2170 | D:3      | Noticed Natasha
  2189 | D:3      | Killed Natasha
  2332 | D:3      | Reached XP level 5. HP: 43/47 MP: 4/4
  2351 | D:3      | Found a glowing drain.
  2358 | D:3      | Slain by an orc priest

Illustrated notes

Levels and vault maps discovered:
D:1:      minmay_arrival_three_doors, layout_basic,
          shapermc_ecumenical_altar_pompeii, chequers_serial_rivers_marsh,
          hangedman_decor_peaks_small, nicolae_concentric_dashed_squares_mild
D:2:      layout_basic, basic_altar, patterned_corridor
D:3:      layout_basic, cheibrodos_sewer_entry_drain, uniq_natasha

Skill      XL: |  1  2  3  4 |
---------------+-------------+-----
Maces & Flails | 4 5 |  5.6
Fighting       | 4 |  4.5
Armour         | 3 |  3.3
Dodging        | |  2.5
Stealth        | |  0.2

Action                   |  1- 3 |  4- 6 || total
-------------------------+-------+-------++-------
Melee: Mace              |    87 |    35 ||   122
       Headbutt          |    11 |     6 ||    17
       Punch             |     2 |     1 ||     3
Invok: Berserk           |     1 |       ||     1
       Trog's Hand       |       |     1 ||     1
Armor: Animal skin       |     6 |       ||     6
       Ring mail         |    15 |       ||    15
       Leather armour    |     1 |       ||     1
       Scale mail        |     6 |     9 ||    15
Dodge: Dodged            |    46 |    19 ||    65
